 Dungeon Crawl Stone Soup version 0.28-a0-691-gad6df49e81 (webtiles) character file.

Game seed: 13612393394215682968

18 Lekart the Skirmisher (level 2, -3/26 HPs)
             Began as a Draconian Fighter on Oct 21, 2021.
             Slain by an adder (4 damage)
             ... on level 2 of the Dungeon.
             The game lasted 00:02:21 (473 turns).

Lekart the Skirmisher (Draconian Fighter)            Turns: 473, Time: 00:02:21

Health: -3/26      AC:  4    Str: 16    XL:     2   Next: 51%
Magic:  2/2        EV: 12    Int:  8    God:
Gold:   61         SH:  4    Dex:  8    Spells: 1/1 levels left

rFire   . . .      SeeInvis .   a - +0 long sword
rCold   . . .      Faith    .   b - +0 buckler
rNeg    . . .      Spirit   .   (armour unavailable)
rPois   .          Reflect  .   (helmet restricted)
rElec   .          Harm     .   (no cloak)
rCorr   .          Rampage  .   (no gloves)
Will    .....                   (no boots)
Stlth   +.........              (no amulet)
HPRegen 0.08/turn               (no ring)
MPRegen 0.08/turn               (no ring)

@: mighty
A: AC +4, unfitting armour, cold-blooded, horns 1, clumsy 1, weak 1
a: no special abilities


You were on level 2 of the Dungeon.
You visited 1 branch of the dungeon, and saw 2 of its levels.

You collected 61 gold pieces.

Inventory:

Hand Weapons
 a - a +0 long sword (weapon)
Missiles
 f - 2 javelins (quivered)
Armour
 b - a +0 buckler (worn)
Scrolls
 d - 2 scrolls of identify {unknown}
 e - a scroll of vulnerability {unknown}
 g - a scroll of teleportation {unknown}
 i - 2 scrolls of immolation {unknown}


   Skills:
 + Level 3.6 Fighting
 + Level 2.1 Long Blades
 + Level 2.8 Dodging
 + Level 3.3 Shields


You had one spell level left.
You didn't know any spells.
Your spell library contained the following spells:

 Spells                   Type           Power      Damage    Failure   Level
 Corpse Rot               Necr/Air       0%         N/A       56%         2
 Dispel Undead            Necr           0%         3d6       99%         4
 Death Channel            Necr           0%         N/A       100%        6


Dungeon Overview and Level Annotations

Branches:
Dungeon (2/15)

Altars:


Innate Abilities, Weirdness & Mutations

Your plain brown scales are hard. (AC +4)
You cannot fit into any form of body armour.
You are cold-blooded and may be slowed by cold attacks.
You have a pair of small horns on your head.
You are clumsy. (Dex -2)
You are weak. (Str -2)


Message History

You miss the adder. The adder bites you but does no damage.
The adder closely misses you.
You miss the adder.
You tail-slap the adder, but do no damage.
The adder barely misses you.
You hit the adder but do no damage.
Your tail-slap misses the adder.
The adder barely misses you. The adder bites you.
You are poisoned.
The adder poisons you!
You hit the adder.
The adder is heavily wounded.
You feel sick. The adder bites you.
You are more poisoned.
The adder poisons you! The adder barely misses you.
You barely miss the adder.
The adder is heavily wounded.
You feel sick. The adder bites you. The dart slug launches a dart at you.
The slug dart misses you.
You are too injured to fight recklessly!
You are too injured to fight recklessly!
You feel sick. The adder bites you but does no damage.
You feel sick.
It was a potion of mutation.
You feel extremely strange. A pair of horns grows on your head!
You feel clumsy.
You feel weaker.
You feel sick. The adder closely misses you.
You closely miss the adder.
The adder is heavily wounded.
You feel sick. The adder barely misses you. The adder bites you.
* * * LOW HITPOINT WARNING * * *
You miss the adder.
Your tail-slap misses the adder.
The adder is heavily wounded.
You feel sick.
You are no longer poisoned.
The adder bites you.
* * * LOW HITPOINT WARNING * * *
The adder misses you.
You feel very mighty all of a sudden. The adder bites you.
You die...

### ... ..... #.#.#
..... #.#.#
...$.####.#.# .......
..#.# .......##.#.#
#........#@#.# #
#........#S#.#..###
#.....>...w......(. #
#........###.#?.#.# #.
#.^......###.#.....
.#.####.............#.
.
....<..<..............
##.#.#######..........
#......# #.######....


You could see an adder and a dart slug.

Vanquished Creatures
  A dart slug (D:1)
  A giant cockroach (D:1)
  4 goblins (D:1)
  3 hobgoblins (D:1)
  2 ball pythons (D:1)
  2 bats (D:1)
  A kobold (D:1)
  A rat (D:1)
15 creatures vanquished.

Notes
Turn   | Place    | Note
-------+----------+-------------------------------------------
     0 | D:1      | Lekart the Draconian Fighter began the quest for the Orb.
     0 | D:1      | Reached XP level 1. HP: 19/19 MP: 1/1
   170 | D:1      | Reached XP level 2. HP: 26/26 MP: 2/2
   213 | D:1      | Found a faded altar of an unknown god.
   470 | D:2      | Gained mutation: You have a pair of small horns on your
                  | head. [potion of mutation]
   470 | D:2      | Gained mutation: You are clumsy. (Dex -2) [potion of
                  | mutation]
   470 | D:2      | Gained mutation: You are weak. (Str -2) [potion of
                  | mutation]
   472 | D:2      | HP: 1/26 [adder (2)]
   473 | D:2      | Slain by an adder

Illustrated notes

Levels and vault maps discovered:
D:1:      dpeg_arrival_pond, layout_basic, chequers_ecumenical_altar_island
D:2:      layout_basic, minmay_pentomino_w4

Action                   || total
-------------------------++-------
Melee: Long sword        ||    30
       Tailslap          ||     3
Throw: Javelin           ||    10
  Use: Potion            ||     2
Armor: Skin              ||     4
Dodge: Dodged            ||    23
Block: Buckler           ||     7

Table legend: (Time is in decaauts)
 A = Elapsed time spent in this place.
 B = Non-inter-level travel time spent in this place.
 C = Inter-level travel time spent in this place.
 D = Time resting spent in this place.
 E = Time spent auto-exploring this place.
 F = Levels seen in this place.
 G = Mean time per level.
                   A        B        C        D        E       F      G
               +--------+--------+--------+--------+--------+-----+--------+
         Total |    490 |    473 |     17 |      0 |    352 |   2 |  245.0 |
       Dungeon |    490 |    473 |     17 |      0 |    352 |   2 |  245.0 |
               +--------+--------+--------+--------+--------+-----+--------+

Top non-repeatable levels by time:
     D:1: 451 daAuts
     D:2: 38 daAuts
